Map: Rhoskallian LE

Players

QbertD

  • Race: Zerg Zerg
  • League: Diamond
  • Spawn Location: 11:00

Ceder

  • Race: Zerg Zerg
  • League: Platinum
  • Spawn Location: 12:00

Massa - Winner!

  • Race: Terran Terran
  • League: Gold
  • Spawn Location: 6:00

qqq - Winner!

  • Race: Protoss Protoss
  • Spawn Location: 5:00

VOD

Have the link to the VOD?

Description

Time

  • Played on: June 27, 2020, 5:35 a.m.
  • Length: 21:32
Show
View Real Time Build Order
Export as new Build Order

QbertD Zerg 

Build Orders: Pool First, Lurkers 

Get SALT Encoding   

  12  0:06  Drone  
  13  0:08  Drone  
  14  0:25  Extractor  
  13  0:34  Drone  
  13  0:35  Spawning Pool  
  13  0:37  Drone  
  14  0:48  Overlord  
  14  1:23  Zergling x4  
  14  1:24  Zergling x2  
  17  1:36  Zergling x2  
  18  1:49  Drone  
  18  1:51  Lair  
  19  1:54  Extractor  
  18  2:03  Hatchery  
  18  2:07  Drone  
  18  2:13  Drone  
  19  2:21  Drone  
  20  2:33  Drone  
  21  2:40  Drone  
  22  2:52  Overlord  
  22  2:59  Hydralisk Den  
  21  3:09  Overlord  
  21  3:10  Queen  
  23  3:18  Drone x2  
  25  3:22  Drone  
  25  3:25  Drone  
  27  3:33  Drone  
  28  3:36  Drone  
  29  3:43  Drone  
  30  3:49  Drone  
  30  3:51  Lurker Den  
  30  4:01  Drone x2  
  32  4:04  Spore Crawler  
  32  4:05  Extractor  
  32  4:06  Spore Crawler  
  32  4:08  Drone  
  30  4:11  Drone  
  30  4:15  Drone  
  32  4:19  Drone  
  32  4:20  Drone  
  34  4:24  Drone  
  34  4:26  Drone  
  34  4:30  Drone  
  37  4:36  Metabolic Boost  
  37  4:46  Queen  
  37  4:48  Overlord  
  37  4:51  Drone  
  40  4:53  Drone  
  40  4:55  Drone  
  42  5:04  Overlord  
  42  5:09  Overlord  
  42  5:11  Hydralisk  
  44  5:24  Pneumatized Carapace  
  44  5:28  Spore Crawler  
  44  5:34  Evolution Chamber  
  44  5:35  Hydralisk  
  44  5:43  Drone x3  
  44  5:44  Spore Crawler  
  44  5:49  Hatchery  
  45  5:51  Drone x3  
  45  5:52  Drone  
  49  5:58  Hydralisk  
  49  5:59  Hydralisk  
  49  6:04  Drone x2  
  55  6:18  Hydralisk x2  
  55  6:20  Drone, Overlord  
  55  6:22  Extractor  
  59  6:36  Overlord  
  59  6:41  Overlord  
  59  6:53  Hydralisk x4  
  67  6:58  Drone  
  68  7:02  Queen  
  68  7:05  Hydralisk  
  72  7:10  Zerg Missile Weapons Level 1  
  72  7:14  Evolution Chamber  
  71  7:18  Lurker  
  71  7:19  Lurker  
  71  7:20  Lurker x2  
  71  7:21  Drone  
  71  7:22  Drone  
  77  7:27  Drone x2  
  77  7:28  Drone  
  70  7:59  Overseer  
  70  8:05  Hydralisk x2  
  70  8:07  Overlord x2  
  66  8:24  Hydralisk x5  
  66  8:25  Hydralisk  
  71  8:39  Zergling x12  
  71  8:40  Zergling x14  
  80  8:43  Overlord  
  80  8:44  Drone x3  
  80  8:46  Drone  
  80  8:48  Lurker x2  
  86  8:50  Zergling x2  
  86  8:54  Zerg Ground Armor Level 1  
  86  8:55  Nydus Network  
  86  9:01  Hydralisk x2  
  90  9:06  Grooved Spines  
  90  9:14  Hydralisk x2  
  94  9:20  Overlord  
  94  9:21  Drone x3  
  94  9:24  Extractor, Overlord  
  97  9:25  Extractor  
  95  9:32  Hydralisk  
  95  9:34  Drone, Overlord  
  95  9:36  Zerg Missile Weapons Level 2  
  98  9:39  Drone x2  
  100  9:49  Nydus Canal  
  100  9:52  Hydralisk x2  
  100  9:53  Hydralisk  
  100  9:56  Drone  
  107  10:02  Overlord  
  105  10:30  Infestation Pit  
  105  10:31  Hydralisk x5  
  114  10:36  Drone x4  
  114  10:37  Drone x3  
  114  10:41  Overlord  
  121  10:48  Overlord x2  
  121  10:52  Overlord x2  
  121  10:54  Overlord  
  121  10:57  Hatchery  
  121  11:01  Hydralisk x4  
  128  11:04  Nydus Canal  
  128  11:26  Pathogen Glands  
  128  11:31  Hydralisk x3  
  128  11:32  Hydralisk x5  
  140  11:38  Overlord  
  143  11:55  Hydralisk x2  
  143  11:56  Hydralisk x6  
  147  12:41  Hydralisk x3  
  147  12:42  Hydralisk x7  
  163  12:49  Zergling x2  
  164  12:52  Muscular Augments  
  164  12:54  Hive  
  164  12:56  Overlord  
  164  13:04  Overseer  
  164  13:05  Overseer x4  
  138  13:40  Drone x3  
  139  13:42  Drone x4  
  139  13:43  Drone x5  
  148  13:52  Overlord  
  148  14:14  Hydralisk x2  
  148  14:15  Hydralisk x7  
  148  14:16  Hydralisk x2  
  166  14:28  Overlord x2  
  166  14:33  Lurker x6  
  166  14:34  Lurker x3  
  166  14:35  Drone x5  
  166  14:36  Drone x2  
  166  14:38  Extractor x2, Overlord x2  
  180  14:44  Viper  
  183  14:49  Drone x3  
  183  14:50  Drone  
  187  15:20  Hatchery  
  178  15:52  Hydralisk x7  
  178  15:53  Hydralisk x3  
  178  15:55  Overlord x2  
  144  16:22  Hydralisk x3  
  144  16:23  Hydralisk x7  
  91  17:02  Hydralisk  
  91  17:03  Hydralisk x8  
  91  17:04  Hydralisk x3  
  112  17:16  Viper  
  112  17:18  Overlord x2  
  112  17:20  Overlord  
  115  17:26  Overseer x3  
  115  17:27  Overseer x2  
  97  18:05  Zergling x6  
  78  18:10  Hydralisk  
  78  18:11  Hydralisk x6  
  90  18:18  Overlord x2  
  73  18:33  Swarm Host  
  69  18:34  Hydralisk x2  
  45  18:52  Zergling x4  
  45  18:53  Zergling x2  
  3  19:44  Drone x3  
  3  21:16  Extractor  
Show
View Real Time Build Order
Export as new Build Order

Ceder Zerg 

Build Orders: Hatch First, Muta Ling Bane 

Get SALT Encoding   

  12  0:01  Drone  
  13  0:16  Drone  
  14  0:24  Overlord  
  14  0:43  Drone x3  
  17  0:53  Drone  
  18  1:09  Drone  
  19  1:19  Hatchery  
  18  1:39  Extractor  
  17  1:40  Drone x3, Spawning Pool  
  19  1:52  Drone  
  20  2:01  Drone  
  21  2:12  Drone  
  22  2:17  Hatchery  
  21  2:23  Drone  
  22  2:31  Queen  
  22  2:35  Queen  
  26  2:40  Drone x2  
  28  2:46  Metabolic Boost  
  28  2:56  Overlord x2  
  28  3:25  Drone x6  
  34  3:30  Queen  
  34  3:31  Drone  
  34  3:33  Queen  
  39  3:40  Drone  
  39  3:41  Drone x2  
  42  3:46  Overlord  
  42  3:48  Overlord  
  42  4:02  Spore Crawler  
  41  4:10  Extractor, Drone  
  41  4:11  Drone x2  
  41  4:12  Drone x2  
  45  4:28  Drone x5, Spine Crawler, Spore Crawler  
  45  4:29  Drone x2  
  50  4:33  Spore Crawler  
  49  4:39  Lair  
  49  4:49  Baneling Nest  
  48  4:57  Drone x3  
  48  4:58  Drone x2  
  53  5:01  Extractor x2, Drone  
  53  5:02  Drone x2  
  53  5:03  Drone x4  
  58  5:14  Extractor x2  
  57  5:15  Drone x2  
  57  5:18  Overlord x3  
  58  5:32  Spore Crawler  
  57  5:38  Centrifical Hooks  
  57  5:40  Spire  
  56  5:47  Spore Crawler  
  56  5:48  Pneumatized Carapace  
  55  5:54  Drone x6  
  55  5:55  Drone, Spore Crawler  
  61  6:27  Drone x4  
  61  6:28  Drone  
  61  6:29  Overlord x3  
  61  6:30  Overlord  
  66  7:05  Zerg Flyer Armor Level 1  
  66  7:06  Corruptor  
  66  7:07  Corruptor x7  
  82  7:28  Queen x2  
  86  7:36  Zergling x2  
  86  7:37  Zergling x6  
  89  7:39  Overlord x2  
  89  7:40  Overlord x2  
  89  7:42  Hatchery  
  89  7:48  Zergling x2  
  90  7:59  Zergling x4  
  90  8:00  Zergling x16  
  90  8:01  Baneling x4  
  90  8:02  Baneling x2  
  96  8:10  Zergling x12  
  96  8:11  Zergling x14  
  105  8:15  Queen x2  
  105  8:18  Zergling x2  
  110  8:22  Overseer  
  93  8:42  Mutalisk  
  93  8:43  Corruptor x7  
  93  8:44  Corruptor  
  97  8:55  Corruptor  
  97  8:56  Corruptor x3  
  97  8:57  Drone  
  97  8:58  Drone  
  97  9:00  Drone  
  97  9:01  Queen x3  
  97  9:02  Queen  
  111  9:24  Corruptor x3  
  111  9:25  Zergling x8  
  116  9:32  Drone  
  116  9:33  Drone x3  
  116  9:34  Overlord  
  120  9:51  Queen  
  120  9:52  Spine Crawler  
  121  9:53  Spore Crawler  
  121  9:54  Spine Crawler  
  121  9:55  Spore Crawler  
  118  10:05  Nydus Network  
  117  10:15  Zergling x2  
  118  10:22  Infestation Pit  
  117  10:35  Zergling x6  
  120  10:36  Overlord  
  120  10:37  Overlord x4  
  120  10:52  Baneling  
  120  10:53  Baneling x13  
  120  10:59  Hive  
  120  11:01  Zerg Flyer Armor Level 2  
  120  11:12  Nydus Canal  
  113  11:40  Zergling x2  
  113  11:41  Zergling x46  
  113  11:42  Zergling x22  
  138  11:58  Corruptor x5  
  138  11:59  Corruptor x2  
  150  12:04  Overlord x4  
  104  12:35  Corruptor x3  
  104  12:36  Zergling x12, Corruptor x4  
  104  12:37  Zergling x6  
  115  12:49  Drone x5  
  115  12:51  Queen x3  
  112  13:18  Hatchery  
  112  13:19  Baneling  
  111  13:20  Baneling x7  
  111  13:21  Baneling x6  
  111  13:24  Hatchery  
  108  13:46  Extractor  
  108  13:47  Extractor  
  106  13:53  Nydus Canal  
  106  14:02  Greater Spire  
  104  14:20  Corruptor x5  
  104  14:21  Zergling x10, Corruptor x3  
  104  14:22  Zergling x16  
  104  14:23  Zergling x12  
  122  14:32  Corruptor  
  122  14:33  Corruptor  
  126  14:39  Drone  
  126  14:42  Drone  
  126  14:44  Spore Crawler  
  127  14:49  Adrenal Glands  
  127  15:01  Evolution Chamber x2  
  125  15:20  Corruptor x4  
  130  15:22  Zergling x16  
  130  15:23  Zergling x26  
  151  15:33  Corruptor  
  111  16:00  Baneling x9  
  111  16:01  Baneling x8, Corruptor  
  111  16:03  Zergling x14  
  111  16:04  Zergling x10  
  99  16:18  Zergling x2  
  99  16:19  Zergling x12  
  70  16:36  Corruptor x4  
  70  16:37  Corruptor  
  77  16:47  Corruptor  
  77  16:49  Overlord  
  77  16:51  Drone x2  
  77  16:53  Drone x3  
  60  17:26  Corruptor  
  60  17:27  Corruptor x2  
  56  17:47  Nydus Canal  
  56  17:51  Corruptor  
  50  18:31  Drone  
  50  18:33  Corruptor  
  36  18:56  Drone x3  
  36  18:58  Drone x3  
  13  20:46  Drone  
  13  21:09  Hatchery  
Show
View Real Time Build Order
Export as new Build Order

Massa Terran - Winner!

Build Orders:  

Get SALT Encoding   

  12  0:03  SCV  
  13  0:18  SCV, Supply Depot  
  14  0:30  SCV  
  15  0:40  Barracks  
  15  0:45  SCV  
  16  1:06  SCV  
  17  1:18  SCV  
  18  1:34  Supply Depot  
  16  1:40  SCV  
  16  1:41  Marine  
  18  1:48  Command Center  
  18  1:52  SCV  
  19  1:57  Refinery  
  19  1:59  Marine  
  20  2:14  Supply Depot  
  20  2:15  SCV  
  21  2:17  Marine  
  22  2:27  SCV  
  23  2:35  Marine  
  24  2:40  SCV  
  25  2:45  Refinery  
  25  2:53  Marine  
  25  2:56  Orbital Command  
  26  3:00  Orbital Command  
  26  3:11  Marine  
  27  3:14  Factory  
  27  3:28  SCV x2  
  27  3:29  Marine  
  30  3:40  SCV x2  
  32  3:45  Engineering Bay  
  32  3:46  Marine  
  33  3:52  SCV x2  
  35  3:59  Factory Tech Lab  
  35  4:03  Barracks  
  35  4:04  SCV  
  35  4:05  SCV  
  37  4:20  Starport  
  37  4:24  Terran Infantry Weapons Level 1  
  37  4:26  Siege Tank  
  40  4:31  Factory  
  40  4:36  Marine  
  41  4:39  SCV x2  
  43  4:51  SCV x2  
  45  4:54  Marine, Missile Turret  
  46  5:01  Barracks Tech Lab  
  46  5:09  Supply Depot  
  46  5:10  Supply Depot  
  46  5:15  Missile Turret  
  46  5:16  Factory Reactor  
  46  5:23  Missile Turret  
  46  5:27  Stimpack  
  46  5:31  SCV x2, Marauder  
  46  5:35  Supply Depot  
  50  5:37  Missile Turret  
  50  5:39  Supply Depot  
  50  5:43  SCV, Missile Turret  
  50  5:46  Medivac  
  53  5:53  Widow Mine, Marauder  
  53  5:56  Widow Mine  
  59  5:59  Refinery  
  59  6:02  Refinery  
  59  6:04  Missile Turret  
  59  6:06  Command Center  
  59  6:18  Terran Infantry Armor Level 1  
  59  6:19  Marauder  
  61  6:30  Barracks Reactor, Medivac  
  63  6:40  Marauder  
  65  6:55  Siege Tank  
  65  7:00  Widow Mine  
  72  7:01  Widow Mine  
  72  7:02  Marauder  
  74  7:13  Combat Shield  
  74  7:15  SCV x2  
  76  7:23  Marauder  
  76  7:27  SCV  
  76  7:28  SCV  
  80  7:40  SCV x2  
  82  7:45  Marauder  
  84  7:52  SCV x2  
  82  8:04  SCV x2  
  84  8:06  Marauder  
  82  8:20  Marine  
  82  8:21  Marine  
  81  8:27  Marine  
  67  8:38  Marine  
  67  8:39  Marine  
  66  8:45  Marauder  
  66  8:49  Siege Tank  
  66  8:50  Widow Mine x2  
  73  8:56  Marine x2  
  73  9:00  SCV x2  
  77  9:03  Planetary Fortress  
  77  9:07  Marauder  
  72  9:11  Widow Mine x2, Command Center  
  72  9:12  SCV x2  
  72  9:14  Marine x2  
  78  9:21  Siege Tank  
  81  9:24  SCV  
  81  9:25  SCV  
  81  9:28  Marauder  
  85  9:32  Marine x2  
  85  9:36  SCV  
  85  9:37  SCV  
  91  9:46  Widow Mine x2  
  93  9:57  Barracks x2  
  93  10:01  Barracks  
  93  10:03  Supply Depot  
  93  10:14  SCV  
  93  10:15  Marine  
  93  10:16  SCV  
  93  10:18  Marine  
  93  10:25  Widow Mine x2, Marauder  
  93  10:26  Supply Depot  
  93  10:27  Command Center  
  99  10:33  Marine  
  100  10:36  Marine  
  101  10:48  Marauder, Siege Tank  
  101  10:49  Supply Depot x2  
  106  10:50  Supply Depot x2  
  106  10:51  Marine  
  106  10:53  Armory, Marine  
  106  10:57  Supply Depot  
  108  11:09  Marine  
  108  11:11  Marauder, Marine  
  112  11:20  Supply Depot  
  112  11:26  Marine  
  112  11:32  Marauder  
  103  11:41  Planetary Fortress  
  103  11:54  Marauder  
  104  11:58  Barracks Reactor  
  104  11:59  Barracks Reactor, Barracks Tech Lab  
  103  12:15  Marauder  
  95  12:24  Marauder  
  95  12:25  Marine x2  
  66  12:32  SCV x2  
  66  12:34  SCV  
  66  12:36  Marauder  
  71  12:42  SCV  
  71  12:43  Marine x2  
  71  12:44  SCV x2  
  75  12:46  Marauder  
  78  12:58  Marauder  
  80  13:01  Thor  
  80  13:03  Widow Mine x2  
  90  13:07  Marauder, Marine  
  90  13:08  Marine x5  
  98  13:19  Marauder  
  99  13:25  Marine  
  99  13:26  Marine x2  
  102  13:29  Marauder, Marine  
  102  13:30  Marine x2  
  105  13:34  Medivac  
  105  13:40  Marauder  
  103  13:43  Marine x2  
  105  13:50  Marauder  
  107  13:56  Marine x2  
  107  13:57  Marine x2  
  107  13:59  SCV x4  
  107  14:01  Marine x2  
  107  14:02  Marauder  
  119  14:04  Medivac  
  119  14:05  Command Center  
  115  14:11  SCV x4, Marauder  
  115  14:14  Marine x4  
  118  14:19  Marine x2  
  118  14:23  Marauder  
  113  14:33  Marauder  
  113  14:35  SCV  
  116  14:38  Terran Infantry Armor Level 2  
  116  14:40  Terran Vehicle Weapons Level 1  
  116  14:42  Medivac  
  116  14:45  Marauder  
  120  14:47  SCV  
  121  14:53  Missile Turret  
  121  14:54  Marauder  
  121  14:59  SCV  
  124  15:06  Marauder  
  126  15:12  Medivac  
  124  15:15  Missile Turret  
  124  15:16  Marauder  
  126  15:23  Marine  
  126  15:27  Marauder  
  129  15:34  Missile Turret  
  124  15:37  Marauder  
  124  15:42  Medivac  
  128  15:49  Marauder  
  122  15:55  Missile Turret  
  122  15:58  Marauder  
  124  16:04  Marine  
  124  16:05  Marine x5  
  124  16:10  Marauder  
  129  16:16  Missile Turret  
  105  16:20  Marauder  
  105  16:22  Marine x2  
  79  16:30  Refinery  
  79  16:31  Marauder  
  79  16:32  Command Center  
  79  16:34  Terran Vehicle And Ship Armor Level 1  
  79  16:35  SCV x3  
  79  16:36  Refinery  
  82  16:41  Marauder  
  84  16:47  SCV x3  
  84  16:53  Marauder  
  85  16:54  Terran Infantry Weapons Level 2  
  85  16:59  SCV  
  78  17:02  Marauder  
  78  17:08  Planetary Fortress  
  80  17:09  SCV x2  
  80  17:11  SCV  
  80  17:14  Marauder  
  85  17:21  SCV x2  
  85  17:22  Marine  
  87  17:23  SCV  
  87  17:24  Marauder  
  91  17:33  SCV x2  
  91  17:35  SCV  
  91  17:36  Marauder  
  96  17:45  SCV, Marauder  
  96  17:46  SCV  
  96  17:47  SCV  
  101  17:54  Starport Tech Lab  
  101  17:58  SCV  
  99  18:14  Marauder x2  
  99  18:15  Marine x4  
  106  18:36  Marauder x2  
  110  18:47  Thor  
  116  18:49  Marine x2  
  116  18:53  SCV  
  118  18:57  Marauder x2  
  120  19:05  SCV  
  120  19:18  Marauder  
  120  19:19  Marauder  
  124  19:30  Siege Tank  
  124  19:31  Marine x3  
  128  19:32  Concussive Shells  
  128  19:33  Marine x3  
  132  19:40  SCV, Marauder x2  
  132  19:41  SCV x3  
  140  19:48  Marine  
  140  19:49  Marine x2  
  140  19:51  Marine x2  
  145  19:53  SCV x4  
  149  20:01  Marauder x2  
  149  20:02  Siege Tank  
  155  20:23  Marauder x2  
  158  20:29  SCV  
  159  20:36  Raven  
  159  20:37  Marine  
  159  20:38  Marine x4  
  159  20:41  SCV  
  167  20:44  Marauder x2  
  169  20:53  SCV  
  169  21:05  Marauder x2  
  173  21:16  Missile Turret  
Show
View Real Time Build Order
Export as new Build Order

qqq Protoss - Winner!

Build Orders: 1 Gate Expand, Forge Fast Expand (FFE), Carriers 

Get SALT Encoding   

  12  0:01  Probe  
  13  0:19  Probe  
  14  0:25  Pylon  
  14  0:31  Probe  
  15  0:43  Probe  
  15  0:45  Gateway  
  16  0:55  Forge  
  16  1:05  Pylon  
  16  1:17  Probe  
  17  1:34  Nexus  
  17  1:56  Cybernetics Core  
  17  1:59  Assimilator  
  17  2:03  Probe  
  17  2:04  Assimilator  
  18  2:15  Probe  
  18  2:21  Photon Cannon  
  19  2:28  Probe  
  19  2:29  Pylon  
  20  2:40  Probe  
  21  2:47  Probe  
  22  2:52  Probe  
  23  2:59  Probe  
  23  3:04  Probe  
  25  3:06  Photon Cannon  
  25  3:10  Probe  
  26  3:18  Probe, Stargate  
  26  3:26  Probe, Assimilator  
  27  3:31  Assimilator  
  28  3:37  Probe  
  29  3:50  Probe  
  30  4:02  Probe  
  31  4:04  Fleet Beacon  
  31  4:06  Phoenix  
  33  4:14  Probe  
  34  4:26  Probe  
  34  4:30  Phoenix  
  37  4:38  Probe, Mothership  
  38  4:50  Probe  
  47  5:02  Probe  
  48  5:11  Carrier  
  54  5:35  Pylon  
  54  5:37  Pylon  
  54  5:39  Pylon  
  54  5:52  Stargate  
  54  5:53  Probe  
  54  5:56  Protoss Air Weapons Level 1  
  55  6:05  Probe  
  55  6:06  Carrier  
  56  6:17  Probe  
  61  6:27  Carrier  
  61  6:29  Probe  
  68  6:40  Nexus  
  68  6:41  Probe  
  69  6:53  Probe  
  70  7:05  Probe  
  71  7:09  Tempest  
  76  7:17  Probe  
  76  7:19  Pylon  
  76  7:21  Pylon  
  77  7:24  Pylon  
  77  7:25  Pylon  
  77  7:27  Pylon  
  78  7:30  Probe  
  78  7:36  Tempest  
  83  7:42  Probe  
  84  8:04  Protoss Air Armor Level 1  
  84  8:07  Carrier  
  90  8:19  Void Ray  
  80  9:02  Tempest  
  85  9:05  Photon Cannon  
  85  9:08  Photon Cannon  
  85  9:10  Probe  
  85  9:11  Tempest  
  85  9:12  Photon Cannon  
  85  9:14  Photon Cannon  
  91  9:22  Probe  
  92  9:31  Assimilator  
  92  9:33  Stargate x2  
  92  9:34  Probe  
  92  9:36  Assimilator  
  93  9:39  Mothership  
  93  9:45  Carrier  
  99  9:46  Probe  
  108  9:59  Probe  
  109  10:04  Pylon  
  109  10:06  Pylon  
  109  10:11  Probe  
  110  10:16  Pylon  
  110  10:19  Pylon  
  110  10:23  Probe  
  111  10:32  Carrier  
  111  10:35  Probe  
  118  10:47  Probe  
  118  10:49  Carrier  
  125  10:57  Photon Cannon  
  125  10:59  Photon Cannon  
  125  11:01  Protoss Air Weapons Level 2  
  125  11:13  Pylon  
  125  11:15  Pylon  
  125  11:16  Nexus  
  125  11:19  Pylon  
  125  11:35  Photon Cannon  
  125  11:36  Photon Cannon, Phoenix  
  125  11:39  Photon Cannon  
  127  11:41  Photon Cannon  
  127  11:43  Shield Battery  
  127  11:46  Pylon  
  109  12:00  Tempest x2  
  123  12:01  Carrier  
  110  12:48  Tempest, Carrier x2  
  125  13:05  Tempest  
  130  13:07  Photon Cannon  
  130  13:09  Photon Cannon  
  130  13:10  Probe  
  131  13:22  Probe  
  132  13:34  Probe  
  133  13:44  Pylon  
  133  13:45  Carrier  
  133  13:46  Probe  
  133  13:47  Pylon  
  140  13:58  Probe  
  140  14:00  Mothership  
  149  14:10  Probe  
  150  14:23  Probe  
  136  14:35  Probe  
  136  14:37  Photon Cannon  
  137  14:40  Photon Cannon  
  137  14:41  Photon Cannon  
  137  15:06  Nexus  
  137  15:14  Robotics Facility  
  137  15:21  Phoenix x2  
  137  15:50  Carrier x2  
  127  16:30  Carrier x2  
  133  16:58  Carrier  
  133  16:59  Carrier  
  145  17:08  Probe  
  146  17:21  Probe  
  147  17:33  Probe  
  148  17:45  Probe  
  149  17:55  Phoenix  
  157  18:02  Phoenix  
  161  18:22  Probe  
  142  19:57  Pylon  
  142  20:26  Pylon  
  142  20:28  Pylon  
  142  20:32  Pylon  
  142  20:40  Phoenix  
  142  20:46  Pylon  
  142  20:47  Fleet Beacon  
  142  20:49  Cybernetics Core  
  142  20:50  Probe, Pylon  
  142  20:51  Observer  
  142  20:52  Pylon  
  142  20:56  Phoenix  
  144  21:01  Zealot  
  144  21:03  Probe  
  147  21:09  Pylon  
  147  21:12  Pylon  
  147  21:14  Photon Cannon  
  147  21:15  Probe  
Tags
 
Add a new tag
Caveats
  • Supply blocks, unpowered buildings, or Contaminate may cause inaccurate times.
  • Supply counts are checked every 10 seconds.